 Dungeon Crawl Stone Soup version 0.24-a0-784-g601f8f6d22 (webtiles) character file.

Game seed: 2772950618102757670, levelgen mode: classic

5 FollowTheCloud the Grave Robber (level 1, 0/11 HPs)
             Began as a Vampire Necromancer on June 26, 2019.
             Slain by a jackal (2 damage)
             ... on level 1 of the Dungeon on Oct 11, 2019.
             The game lasted 00:01:43 (179 turns).

FollowTheCloud the Grave Robber (VpNe)               Turns: 179, Time: 00:01:43

Health: 0/11       AC:  2    Str:  7    XL:     1   Next: 66%
Magic:  3/3        EV: 12    Int: 17    God:
Gold:   48         SH:  0    Dex: 14    Spells: 3/4 levels left

rFire    . . .     SeeInvis +   (no weapon)
rCold    . . .     Gourm    .   (no shield)
rNeg     . . .     Faith    .   a - +0 robe
rPois    .         Spirit   .   (no helmet)
rElec    .         Reflect  .   (no cloak)
rCorr    .         Harm     .   (no gloves)
MR       .....                  (no boots)
Stlth    ++........             (no amulet)
HPRegen  0.23/turn              (no ring)
MPRegen  0.08/turn              (no ring)

@: regenerating quickly
A: no food, fangs 3, see invisible, [frail 1], unbreathing
a: Exsanguinate


You were on level 1 of the Dungeon.
You were alive.

You visited 1 branch of the dungeon, and saw 1 of its levels.

You collected 48 gold pieces.

Inventory:

Armour
 a - a +0 robe (worn)
Jewellery
 b - a +2 amulet of reflection {unknown}
Potions
 c - a potion of heal wounds {unknown}
 d - a potion of berserk rage {unknown}


   Skills:
 + Level 2.2 Dodging
 + Level 3.0 Stealth
 + Level 2.0 Spellcasting
 + Level 4.6 Necromancy


You had 3 spell levels left.
You knew the following spells:

 Your Spells              Type           Power        Failure   Level  Hunger
a - Pain                  Necr           ###.         2%          1    N/A

Your spell library contained the following spells:

 Spells                   Type           Power        Failure   Level  Hunger
 Animate Skeleton         Necr           N/A          2%          1    N/A
 Vampiric Draining        Necr           ###.......   9%          3    N/A
 Regeneration             Chrm/Necr      #.........   22%         3    N/A
 Animate Dead             Necr           N/A          28%         4    N/A

Dungeon Overview and Level Annotations

Branches:
Dungeon (1/15)

Altars:


Innate Abilities, Weirdness & Mutations

You do not eat.
Your natural rate of healing is unusually fast.
You have razor-sharp teeth.
You have supernaturally acute eyesight. (SInv)
You can survive without breathing.
[You are frail. (-10% HP)]


Message History

The jackal barely misses you. The jackal bites you.
The jackal barks!
The jackal barely misses you. x2; The jackal closely misses you.
The jackal misses you. The jackal closely misses you. The jackal bites you.
The jackal barely misses you. The jackal misses you. The jackal bites you.
The jackal barely misses you. The jackal closely misses you.
The jackal bites you. The jackal bites you. The jackal misses you.
The jackal closely misses you. The jackal misses you. The jackal bites you.
The jackal bites you but does no damage.
The jackal barely misses you. The jackal barely misses you.
The jackal closely misses you.
The jackal barely misses you. x2; The jackal completely misses you.
The jackal closely misses you. The jackal misses you. The jackal bites you.
* * * LOW HITPOINT WARNING * * *
The jackal bites you.
You die...

.#+# .#.# .#.#####
.......# ######
.......# #....#
.......# #....#
.......# #....#
.......### #.hh.#
+#.#.....# #.h@.#
.#.#.....# #....#
.#.#.....#####...(#
...+.....+........#
##.#.....#####'####
................#
##.###..........#
....##(.........#
##..##..........#


You could see 3 jackals.

Vanquished Creatures
  2 goblins (D:1)
  2 hobgoblins (D:1)
4 creatures vanquished.

Notes
Turn   | Place    | Note
-------+----------+-------------------------------------------
     0 | D:1      | FollowTheCloud the Vampire Necromancer began the quest for
                  | the Orb.
     0 | D:1      | Reached XP level 1. HP: 13/13 MP: 3/3
    41 | D:1      | Upgraded the game from 0.24-a0-451-g263dff2034 to
                  | 0.24-a0-784-g601f8f6d22
   179 | D:1      | Slain by a jackal

Levels and vault maps discovered:
D:1:      ncdulo_lavacross, layout_basic

Action                   || total
-------------------------++-------
Melee: Unarmed           ||     5
       Bite              ||     1
 Cast: Pain              ||     5
 Abil: Exsanguinate      ||     1
       Revivify          ||     1
Armor: Robe              ||     1
Dodge: Dodged            ||    22

Table legend:
 A = Non-vault XP
 B = Vault XP
 C = Vault XP percentage of total XP
 D = Non-vault monster count
 E = Vault monster count
 F = Vault count percentage of total count
                 A         B        C        D         E       F
            +---------+---------+-------+---------+---------+-------
      Total |       8 |       0 |   0.0 |       4 |       0 |   0.0
            +---------+---------+-------+---------+---------+-------
        D:1 |       8 |       0 |   0.0 |       4 |       0 |   0.0
            +---------+---------+-------+---------+---------+-------
